 Dungeon Crawl Stone Soup version 0.22-a0-307-g2b15929 (webtiles) character file.

4727 xccam the Cleaver (level 10, 0/77 HPs)
             Began as a Formicid Fighter on Apr 1, 2018.
             Was an Initiate of Cheibriados.
             Slain by an eight-headed hydra (4 damage)
             ... on level 11 of the Dungeon.
             The game lasted 00:16:57 (8782 turns).

xccam the Cleaver (Formicid Fighter)                Turns: 8782, Time: 00:16:58

Health: 0/77       AC: 10    Str: 27    XL:     10   Next: 73%
Magic:  10/10      EV: 18    Int: 10    God:    Cheibriados [......]
Gold:   248        SH: 15    Dex: 16    Spells: 9/9 levels left

rFire    . . .     SeeInvis +   a - +0 war axe
rCold    . . .     Gourm    .   c - +0 shield
rNeg     + . .     Faith    .   b - +0 scale mail
rPois    .         Spirit   .   (helmet unavailable)
rElec    .         Reflect  +   p - +0 cloak
rCorr    .         Harm     .   w - +0 pair of gloves
MR       +....                  (no boots)
Stlth    +.........             y - +3 amulet of reflection
HPRegen  0.22/turn              E - +3 ring of strength
MPRegen  0.12/turn              x - ring of positive energy

@: agile, lethally poisoned (0 -> -2), very slow
A: permanent stasis, dig shafts and tunnels, four strong arms, antennae 3
a: Dig, Shaft Self, Bend Time, Renounce Religion


You were on level 11 of the Dungeon.
You worshipped Cheibriados.
Cheibriados was noncommittal.
You were hungry.

You visited 2 branches of the dungeon, and saw 12 of its levels.
You also visited: Sewer.

You collected 472 gold pieces.
You spent 224 gold pieces at shops.

Inventory:

Hand Weapons
 a - a +0 war axe (weapon)
Armour
 b - a +0 scale mail (worn)
 c - a +0 shield (worn)
 p - a +0 cloak (worn)
 w - a +0 pair of gloves (worn)
Jewellery
 x - a ring of positive energy (right hand)
 y - a +3 amulet of reflection (around neck)
 E - a +3 ring of strength (left hand)
Wands
 e - a wand of enslavement (11)
 A - a wand of disintegration (13)
 B - a wand of iceblast (22)
 G - a wand of flame (29)
Scrolls
 d - a scroll of fear
 i - 3 scrolls of remove curse
 k - 3 scrolls of enchant weapon
 m - a scroll of identify
 n - a scroll of amnesia
 q - a scroll of immolation {unknown}
 t - a scroll of noise {unknown}
 u - a scroll of fog {unknown}
 v - 3 scrolls of magic mapping {unknown}
 z - 2 scrolls of blinking {unknown}
 C - a scroll of random uselessness {unknown}
 F - a scroll of enchant armour {unknown}
Potions
 g - 2 potions of heal wounds
 j - a potion of resistance
 o - a potion of brilliance
 r - 3 potions of flight
 D - 5 potions of curing
Comestibles
 f - 14 rations
 h - a chunk of flesh


   Skills:
 + Level 6.7 Fighting
 - Level 10.0 Axes
 + Level 6.6 Armour
 + Level 4.5 Dodging
 - Level 9.0 Shields


You had 9 spell levels left.
You didn't know any spells.

Dungeon Overview and Level Annotations

Branches:
Dungeon (11/15)            Temple (1/1) D:7            Lair (0/6) D:8
    Orc: D:9-12

Altars:
Cheibriados
Dithmenos
Elyvilon
Gozag
Hepliaklqana
Makhleb
Nemelex Xobeh
Okawaru
Qazlal
Ru
Sif Muna
Trog
Uskayaw
Wu Jian
Xom
Yredelemnul
Zin
The Shining One

Shops:
D:7 *(!%   D:9 (


Innate Abilities, Weirdness & Mutations

You cannot be hasted, slowed, berserked, paralysed or teleported.
You can dig through walls and to a lower floor.
Your four strong arms can wield two-handed weapons with a shield.
You have a pair of large antennae on your head. (SInv)


Message History

* * * LOW HITPOINT WARNING * * *
The eight-headed hydra completely misses you.
The eight-headed hydra misses you. The eight-headed hydra bites you.
* * * LOW HITPOINT WARNING * * *
The eight-headed hydra misses you. The eight-headed hydra bites you.
* * * LOW HITPOINT WARNING * * *
You block the eight-headed hydra's attack. x2
Evoke which item? (* to show all) (? for menu, Esc to quit)
Aiming: Disintegrate
Press: ? - help, Shift-Dir - straight line, f/p - eight-headed hydra
Aim: an eight-headed hydra (almost dead, covered in acid, chance to defeat MR: 30%)
The eight-headed hydra easily resists.
The eight-headed hydra closely misses you.
You block the eight-headed hydra's attack.
The eight-headed hydra closely misses you. x2
The eight-headed hydra barely misses you.
You block the eight-headed hydra's attack.
The eight-headed hydra bites you but does no damage.
The eight-headed hydra bites you.
You die...

{ { .# . .#
## .# . . {
#.######. #
.......o#
.......o#####
......o†hD@.#
o.....C.###.#
......{.# ...
........#
.##.#
...[...## ##
# ####### {{{


{{{{{ You could see an eight-headed hydra, a cyclops, 2 orc wizards and a
jackal.

Vanquished Creatures
  An unseen horror (D:11)
  The ghost of Nib the Chopper, a novice DsGl (D:6)
  A hungry ghost (D:10)
  Purgy (Sewer)
  A sky beast (D:6)
  2 porcupines (D:8)
  3 ice beasts
  2 phantoms
  4 ogres
  4 centaurs
  A big kobold (D:8)
  3 bullfrogs
  2 scorpions
  2 water moccasin skeletons
  9 killer bees
  2 vampire bats (D:6)
  5 crimson imps
  A bullfrog zombie (D:7)
  A quasit (D:5)
  A bullfrog skeleton (D:8)
  2 orc priests
  6 hounds
  5 orc wizards
  2 iguanas
  Jessica (D:2)
  Ijyb (D:5)
  Terence (D:3)
  9 worker ants
  A hound zombie (D:5)
  A worker ant zombie (D:6)
  17 adders
  A river rat (D:8)
  An ooze (D:3)
  An adder zombie (D:7)
  An adder skeleton (D:5)
  5 worms
  A dart slug (D:2)
  4 leopard geckos
  20 orcs
  11 bats
  9 giant cockroaches
  8 goblins
  9 hobgoblins
  19 jackals
  5 quokkas
  4 ball pythons
  11 frilled lizards
  10 kobolds
  A quokka skeleton (D:4)
  20 rats
  A spectral orc (D:2)
  A plant (D:1)
236 creatures vanquished.

Notes
Turn   | Place    | Note
-------+----------+-------------------------------------------
     0 | D:1      | xccam the Formicid Fighter began the quest for the Orb.
     0 | D:1      | Reached XP level 1. HP: 18/18 MP: 1/1
   187 | D:1      | Reached XP level 2. HP: 22/24 MP: 2/2
   380 | D:1      | Reached skill level 3 in Axes
   772 | D:2      | Reached XP level 3. HP: 29/29 MP: 3/3
  1094 | D:2      | Noticed Jessica
  1098 | D:2      | Killed Jessica
  1098 | D:2      | Reached skill level 4 in Axes
  1098 | D:2      | Reached XP level 4. HP: 16/35 MP: 4/4
  1160 | D:2      | Reached skill level 5 in Axes
  1160 | D:2      | Reached XP level 5. HP: 4/41 MP: 5/5
  1174 | D:2      | Found a shadowy altar of Dithmenos.
  1465 | D:2      | Found a hazy altar of Hepliaklqana.
  1473 | D:2      | Found a sacrificial altar of Ru.
  1861 | D:2      | Found a basalt altar of Yredelemnul.
  1931 | D:3      | Noticed a centaur
  1940 | D:3      | HP: 1/41 [centaur (8)]
  1947 | D:3      | Killed a centaur
  1947 | D:3      | Reached skill level 6 in Axes
  1947 | D:3      | Reached XP level 6. HP: 6/47 MP: 6/6
  2682 | D:3      | Noticed Terence
  2688 | D:3      | Killed Terence
  3319 | D:4      | Reached XP level 7. HP: 44/52 MP: 7/7
  3514 | D:4      | Reached skill level 7 in Axes
  3997 | D:4      | Found a burning altar of Makhleb.
  4365 | D:5      | Entered Level 5 of the Dungeon
  4481 | D:5      | Reached skill level 8 in Axes
  4504 | D:5      | Reached XP level 8. HP: 17/58 MP: 8/8
  4533 | D:5      | Noticed Ijyb
  4799 | D:5      | Reached skill level 9 in Axes
  5231 | D:5      | Reached skill level 10 in Axes
  5502 | D:5      | Killed Ijyb
  5528 | D:5      | Reached skill level 5 in Shields
  5632 | D:5      | Reached XP level 9. HP: 56/64 MP: 9/9
  6057 | D:6      | Noticed Nib's ghost (novice DsGl)
  6083 | D:6      | Killed Nib's ghost
  6260 | D:6      | Found a glowing drain.
  6273 | Sewer    | Entered a sewer
  6353 | Sewer    | Noticed Purgy
  6380 | Sewer    | Killed Purgy
  6525 | D:6      | Reached skill level 1 in Dodging
  6606 | D:6      | Found the +4 Vampire's Tooth {vamp}
  6940 | D:7      | Reached XP level 10. HP: 52/73 MP: 10/10
  7088 | D:7      | Reached skill level 5 in Fighting
  7088 | D:7      | Reached skill level 5 in Armour
  7104 | D:7      | Found Cisedoj's Weapon Shoppe.
  7151 | D:7      | Found Ukeun's Distillery.
  7159 | D:7      | Bought a potion of curing for 42 gold pieces
  7159 | D:7      | Bought 2 potions of heal wounds for 140 gold pieces
  7159 | D:7      | Bought a potion of curing for 42 gold pieces
  7212 | D:7      | Found Fotask's Food Shoppe.
  7407 | D:7      | Found a staircase to the Ecumenical Temple.
  7434 | Temple   | Entered the Ecumenical Temple
  7535 | D:7      | Found Xicoa's Assorted Antiques.
  7836 | D:8      | Found a staircase to the Lair.
  7839 | D:8      | Noticed a death yak
  7841 | D:8      | Noticed a death yak
  7862 | D:8      | You fall through a shaft for 3 floors!
  8202 | D:11     | Noticed an unseen horror
  8220 | D:11     | Killed an unseen horror
  8396 | D:11     | Noticed a green ugly thing
  8408 | D:10     | Entered Level 10 of the Dungeon
  8469 | D:9      | Found Pinkuett's Antique Weapon Shoppe.
  8604 | D:8      | Found a snail-covered altar of Cheibriados.
  8611 | D:8      | Became a worshipper of Cheibriados the Contemplative
  8750 | D:8      | Noticed a death yak
  8765 | D:8      | You fall through a shaft for 3 floors!
  8766 | D:11     | Noticed a seven-headed hydra
  8776 | D:11     | Noticed a cyclops
  8781 | D:11     | HP: 3/77 [eight-headed hydra (5)]
  8782 | D:11     | Slain by an eight-headed hydra

Vault maps used:
D:1:      dpeg_arrival_rhombus, serial_forest, infiniplex_forest_straight_4,
          infiniplex_forest_zigzag_1, infiniplex_forest_straight_4,
          infiniplex_forest_end_3, st_stairs_11, minivault_19
D:2:      minitemple, yredelemnul_forgotten_temple_becter,
          grunt_dithmenos_smoke_and_mirrors, first_ration, uniq_jessica
D:3:      uniq_terence
D:4:      makhleb_blood_cavern_becter
D:5:      serial_bayou_pond_b, uniq_ijyb
D:6:      gup_sewer_entry_bubbles, minmay_guarded_unrand_vampires_tooth
D:7:      minmay_temple_entry_statues_fountains, serial_shops, kennysheep_mini,
          nicolae_shop_temple_entry_statues_fountains,
          nicolae_shop_overgrown_old_shop, nicolae_shop_statue_plus
D:8:      lemuel_round_altar, dpeg_lair_monsters, uniq_prince_ribbit1,
          uniq_pikel
D:9:      nicolae_overflow_quartered_altars, serial_shops, shop, basic_altar
D:10:     blue_anna_alchemist, grunt_ministairs_4, serial_bayou_pond_e
D:11:     minmay_the_grid_triangle_9x9_recursive_2_mashed,
          kennysheep_orc_monster_closet_entryway, special_room
Temple:   cyrus_circular_temple
Sewer:    sewer_co_purgy_island

Skill      XL: |  1  2  3  4  5  6  7  8  9 10 |
---------------+-------------------------------+-----
Axes           | 3 4 5 6 8 10 | 10.0
Shields        | 5 9 |  9.0
Dodging        | 2 4 |  4.5
Fighting       | 4 6 |  6.7
Armour         | 4 6 |  6.6

Action                   |  1- 3 |  4- 6 |  7- 9 | 10-12 || total
-------------------------+-------+-------+-------+-------++-------
Melee: War axe           |   132 |   155 |   469 |   212 ||   968
 Abil: Shaft Self        |       |       |       |     2 ||     2
Evoke: Wand              |       |       |       |     5 ||     5
  Use: Potion            |     1 |     6 |     5 |     4 ||    16
       Scroll            |       |       |       |    10 ||    10
  Eat: Chunk             |     1 |     5 |     8 |     4 ||    18
       Ration            |       |     1 |     1 |     1 ||     3
Armor: Scale mail        |    41 |    47 |   157 |    48 ||   293
       Skin              |       |       |    33 |       ||    33
Dodge: Dodged            |    28 |    44 |   139 |    75 ||   286
Block: Shield            |    62 |    73 |   286 |   158 ||   579
       Reflection        |       |       |     1 |     2 ||     3

Table legend:
 A = Spawn XP
 B = Non-spawn XP
 C = Spawn XP percentage of total XP
 D = Spawn monster count
 E = Non-spawn monster count
 F = Spawn count percentage of total count
 G = Total turns spent on level
                    A         B        C        D         E        F      G
               +---------+---------+-------+---------+---------+-------+---------
         Total |       0 |    6753 |   0.0 |       0 |     235 |   0.0 |  8782
               +---------+---------+-------+---------+---------+-------+---------
           D:1 |       0 |      26 |   0.0 |       0 |      19 |   0.0 |   770
           D:2 |       0 |     194 |   0.0 |       0 |      35 |   0.0 |  1161
           D:3 |       0 |     193 |   0.0 |       0 |      19 |   0.0 |   968
           D:4 |       0 |     281 |   0.0 |       0 |      15 |   0.0 |  1466
           D:5 |       0 |    1330 |   0.0 |       0 |      34 |   0.0 |  1547
           D:6 |       0 |    1443 |   0.0 |       0 |      49 |   0.0 |   787
           D:7 |       0 |    1104 |   0.0 |       0 |      22 |   0.0 |   787
           D:8 |       0 |     636 |   0.0 |       0 |      17 |   0.0 |   431
           D:9 |       0 |      14 |   0.0 |       0 |       1 |   0.0 |    52
          D:10 |       0 |     311 |   0.0 |       0 |       3 |   0.0 |    47
          D:11 |       0 |    1061 |   0.0 |       0 |      14 |   0.0 |   563
         Sewer |       0 |     160 |   0.0 |       0 |       7 |   0.0 |   137
               +---------+---------+-------+---------+---------+-------+---------
